[Event "*** Titled Tuesday 3|2 Blitz"]
[Site "Chess.com"]
[Date "2015.02.24"]
[Round "1"]
[White "pKiLz5Rn9b"]
[Black "Imre91"]
[Result "1/2-1/2"]
[WhiteElo "2249"]
[BlackElo "2569"]
[TimeControl "180+2"]
[EndTime "11:14:21 PST"]
[Termination "Game drawn - insufficient material"]

1. e4 e6 2. d4 d5 3. Nd2 Nc6 4. Ngf3 Nf6 5. exd5 exd5 6. Bd3 Bd6 7. O-O O-O 8. c3 Bg4 9. Re1 Qd7 10. Nf1 Rae8 11. Ne3 Bh5 12. h3 Ne7 13. Be2 Bxf3 14. Bxf3 c6 15. Ng4 Nxg4 16. Bxg4 Qc7 17. Bg5 Ng6 18. Qc2 Bh2+ 19. Kf1 Bf4 20. Bxf4 Nxf4 21. g3 Ne6 22. Kg2 Ng5 23. h4 Ne4 24. Bf5 Nf6 25. Qd2 g6 26. Bd3 Kg7 27. Rxe8 Rxe8 28. Re1 Re7 29.
Rxe7 Qxe7 30. Qe3 Qxe3 31. fxe3 Ng4 32. Kf3 f5 33. c4 Kf6 34. cxd5 cxd5 35. Bb5 Ke6 36.
Kf4 h6 37. Be8 Kf6 38. Kf3 g5 39. hxg5+ hxg5 40. b4 Ke6 41. a4 Nf6 42. Bb5 Ne4 43. a5 Nd2+ 44. Ke2 Ne4 45. Kf3 Kf6 46. Bd3 g4+ 47.
Kf4 Nd6 48. b5 b6 49. a6 Nc4 50. Bxf5 Nxe3 51. Bxg4 Nc2 52. Bf3 Ke6 53. Be2 Nxd4 54. Bd3 Kf6 55. g4 Ne6+ 56. Ke3 Ke5 57. Bf5 Nc5 58.
Bb1 Ne6 59. Bf5 Ng5 60. Bg6 Nh3 61. Bb1 d4+ 62. Kd3 Kd5 63. Kd2 Ng5 64. Bf5 Kc4 65. Bd7 Kc5 66. Kd3 Kd5 67. Bf5 Ke5 68. Bd7 Nf7 69.
Bf5 Nd6 70. Bd7 Ne4 71. Bf5 Nf2+ 72. Ke2 Nh3 73. Kd3 Ng5 74. Bd7 Nf3 75. Bf5 Nh4 76. Bd7 Ng2 77. Bf5 Nf4+ 78. Kc4 Nd5 79. Bd7 Nf6 80.
Bf5 Ne4 81. Kd3 Nc3 82. Kc4 Nd5 83. Kd3 Ne3 84. Bd7 Ng2 85. Bf5 Nf4+ 86. Kc4 Nh3 87. Kd3 Kd5 88. Bd7 Ng5 89. Bf5 Kc5 90. Bd7 Nf7 91. Be6 Ng5 92. Bd7 Kd6 93. Bf5 Kd5 94. Bd7 Nf7 95. Bf5 Ne5+ 96. Kd2 Kc5 97. g5 Kxb5 98. g6 Nxg6 99. Bxg6 Ka5 100. Kd3 Kxa6 101. Kxd4 Kb5 102. Kc3 Ka4 103. Bd3 Ka3 104. Ba6 Ka4 105. Bd3 Ka5 106. Kb3 a6 107. Be2 b5 108. Bd3 Kb6 109. Be2 a5 110. Bd3 Kc5 111. Be2 Kb6 112. Bd3 Kc6 113. Be2 Kc5 114. Bd3 a4+ 115. Ka3 b4+ 116. Kxa4 b3 117. Kxb3 1/2-1/2

[Event "*** Titled Tuesday 3|2 Blitz"]
[Site "Chess.com"]
[Date "2015.02.24"]
[Round "2"]
[White "GasconJR"]
[Black "facu57"]
[Result "0-1"]
[WhiteElo "2254"]
[BlackElo "2099"]
[TimeControl "180+2"]
[EndTime "11:16:52 PST"]
[Termination "facu57 won by checkmate"]

1. e4 c6 2. d4 d5 3. Nc3 dxe4 4.
Nxe4 Nf6 5. Nxf6+ exf6 6. Nf3 Bd6 7. Bd3 O-O 8. O-O Bg4 9. h3 Bh5 10. c3 Nd7 11. Be3 Re8 12. Be2 Nf8 13. Nd2 Bg6 14.
Nc4 Bc7 15. a4 a6 16. Qd2 b5 17.
axb5 cxb5 18. Na3 Qd6 19. Bf3 Qh2# 0-1

[Event "*** Titled Tuesday 3|2 Blitz"]
[Site "Chess.com"]
[Date "2015.02.24"]
[Round "2"]
[White "xtremeungar"]
[Black "VerdeNotte"]
[Result "0-1"]
[WhiteElo "2156"]
[BlackElo "2513"]
[TimeControl "180+2"]
[EndTime "11:17:56 PST"]
[Termination "VerdeNotte won by resignation"]

1. e4 c5 2. Nf3 d6 3. d4 cxd4 4.
Nxd4 Nf6 5. Nc3 g6 6. Be3 Bg7 7.
f3 Nc6 8. Qd2 O-O 9. O-O-O d5 10. exd5 Nxd5 11. Nxc6 bxc6 12. Bd4 Nxc3 13. Qxc3 Bh6+ 14.
Be3 Bxe3+ 15. Qxe3 Qb6 16. Qxe7 Be6 17. Qa3 Rad8 18. Bd3 Rd5 19. Qc3 Rfd8 20. h4 Qe3+ 21. Qd2 Qc5 22. Qf4 Rxd3 0-1

[Event "*** Titled Tuesday 3|2 Blitz"]
[Site "Chess.com"]
[Date "2015.02.24"]
[Round "2"]
[White "AkshatChandra"]
[Black "VovAn1991"]
[Result "1-0"]
[WhiteElo "2325"]
[BlackElo "2438"]
[TimeControl "180+2"]
[EndTime "11:18:12 PST"]
[Termination "AkshatChandra won by resignation"]

1. e4 c5 2. Nf3 d6 3. Bb5+ Nd7 4. O-O a6 5. Bd3 b5 6. c3 Bb7 7. Bc2 c4 8. a4 Nc5 9. Re1 e5 10. d4 cxd3 11. Bxd3 Nxa4 12. c4 Bc6 13. Na3 b4 14. Nc2 a5 15. Ne3 Nc5 16. Nd5 h6 17. Be3 Nf6 18. Bxc5 dxc5 19. Nxe5 Bb7 20. Qa4+ 1-0

[Event "*** Titled Tuesday 3|2 Blitz"]
[Site "Chess.com"]
[Date "2015.02.24"]
[Round "2"]
[White "jup1978"]
[Black "Rijeka1999"]
[Result "1-0"]
[WhiteElo "2137"]
[BlackElo "2262"]
[TimeControl "180+2"]
[EndTime "11:18:20 PST"]
[Termination "jup1978 won by resignation"]

1. e4 e5 2. Nf3 Nc6 3. Bb5 a6 4.
Ba4 Nf6 5. Qe2 d6 6. c3 b5 7. Bb3 Be7 8. d4 O-O 9. Nbd2 h6 10. O-O Re8 11. h3 Bf8 12. d5 Na5 13. Bc2 c6 14.
dxc6 Nxc6 15. Rd1 Bb7 16. Nf1 Qc7 17. N3h2 Rad8 18. Ng4 Nxg4 19. Qxg4 Ne7 20. Bxh6 Bc8 21. Qg3 f5 22. Bb3+ Kh7 23. Bg5 Ng6 24. exf5 Bxf5 25. Ne3 Bc8 26. Nd5 Qa7 27. Bxd8 Rxd8 28. Bc2 Qf7 29. Bxg6+ Qxg6 30. Qh4+ 1-0

[Event "*** Titled Tuesday 3|2 Blitz"]
[Site "Chess.com"]
[Date "2015.02.24"]
[Round "2"]
[White "GMNeiksans"]
[Black "FrankieJay"]
[Result "1-0"]
[WhiteElo "2493"]
[BlackElo "2217"]
[TimeControl "180+2"]
[EndTime "11:18:46 PST"]
[Termination "GMNeiksans won by resignation"]

1. e4 c5 2. Nf3 Nc6 3. Bb5 e6 4. O-O Nge7 5. d4 cxd4 6. Nxd4 Qb6 7. Nxc6 bxc6 8. Bd3 d5 9. c4 Bb7 10. Nc3 Rd8 11. Qc2 Ng6 12. cxd5 exd5 13. exd5 cxd5 14.
Bb5+ Bc6 15. Nxd5 Bxb5 16. Re1+ Be7 17. Nxb6 axb6 18. Bg5 1-0

[Event "*** Titled Tuesday 3|2 Blitz"]
[Site "Chess.com"]
[Date "2015.02.24"]
[Round "2"]
[White "Nouki"]
[Black "rhungaski"]
[Result "1-0"]
[WhiteElo "2645"]
[BlackElo "2429"]
[TimeControl "180+2"]
[EndTime "11:19:50 PST"]
[Termination "Nouki won by resignation"]

1. d4 d5 2. c4 e5 3. dxe5 d4 4. Nf3 Nc6 5. g3 a5 6. Bg2 Bc5 7. O-O Nge7 8. b3 O-O 9. Bb2 Bf5 10. Na3 Qd7 11. Nb5 Rad8 12. Qd2 Ng6 13. Rad1 Bb4 14. Qc1 d3 15. exd3 Bxd3 16. a3 Bc5 17. Ne1 Ncxe5 18. Nxd3 Nxd3 19. Qc3 Nge5 20. Rxd3 Qxd3 21. Qxe5 f6 22.
Qxc5 c6 23. Nd4 Rfe8 24. Qxa5 Rxd4 25. Bxd4 Qxd4 26. Re1 Rd8 27. Qc7 Qd2 28. Re7 Qc1+ 29. Bf1 1-0

[Event "*** Titled Tuesday 3|2 Blitz"]
[Site "Chess.com"]
[Date "2015.02.24"]
[Round "2"]
[White "iFrancisco"]
[Black "alturas_pacificas"]
[Result "0-1"]
[WhiteElo "2284"]
[BlackElo "2089"]
[TimeControl "180+2"]
[EndTime "11:20:13 PST"]
[Termination "alturas_pacificas won by resignation"]

1. e4 c6 2. d4 d5 3. e5 c5 4. Nf3 cxd4 5. Nxd4 Nc6 6. f4 Qb6 7.
Nb3 Bf5 8. Bd3 Bxd3 9. Qxd3 e6 10. Be3 Qd8 11. O-O Nge7 12. Bf2 h5 13. c4 Nf5 14.
cxd5 Qxd5 15. Qxd5 exd5 16. Nc3 d4 17. Nb5 O-O-O 18.
Rfd1 Kb8 19. N5xd4 Ncxd4 20. Nxd4 Nxd4 21. Rxd4 Rxd4 22. Bxd4 Bb4 23. Rd1 Rc8 24. a3 Bf8 25. Bc3 Kc7 26.
Kf2 g6 27. Kf3 b6 28. Ke4 Bc5 29. h3 Kc6 30. Rd2 Re8 31. Rd5 f5+ 0-1

[Event "*** Titled Tuesday 3|2 Blitz"]
[Site "Chess.com"]
[Date "2015.02.24"]
[Round "2"]
[White "kinetix"]
[Black "AndreyOstrovskiy"]
[Result "0-1"]
[WhiteElo "1389"]
[BlackElo "2341"]
[TimeControl "180+2"]
[EndTime "11:20:20 PST"]
[Termination "AndreyOstrovskiy won by resignation"]

1. e4 e5 2. f4 exf4 3. Nf3 Ne7 4. d4 d5 5. exd5 Nxd5 6. c4 Ne3 7. Bxe3 fxe3 8. Qd3 Bb4+ 9. Nc3 O-O 10. O-O-O Re8 11.
Be2 Nc6 12. Nd5 a5 13. Nxe3 Qe7 14. Nd5 Qxe2 15. Nxc7 Qxd3 16. Rxd3 Bf5 17. Rdd1 Bd6 18. Nxa8 Bf4+ 19. Nd2 Rxa8 20. Rhf1 Nb4 21. b3 Bg6 22.
g3 Be3 0-1

[Event "*** Titled Tuesday 3|2 Blitz"]
[Site "Chess.com"]
[Date "2015.02.24"]
[Round "2"]
[White "jcibarra"]
[Black "pedromartinez91"]
[Result "1-0"]
[WhiteElo "2474"]
[BlackElo "2112"]
[TimeControl "180+2"]
[EndTime "11:20:20 PST"]
[Termination "jcibarra won by resignation"]

1. e4 c5 2. Nf3 Nc6 3. d4 cxd4 4.
Nxd4 g6 5. Nc3 Bg7 6. Be3 Nf6 7. Bc4 O-O 8. Bb3 d6 9. f3 a5 10. Qd2 Nxd4 11. Bxd4 Bd7 12. a4 Be6 13. Bxe6 fxe6 14. O-O Nd7 15. Nb5 Bxd4+ 16. Nxd4 Qb6 17. Kh1 Nc5 18.
b3 e5 19. Nb5 Qc6 20. Rad1 Kg7 21. Kg1 Ne6 22. Rf2 Rfc8 23. g3 Rf8 24. Kg2 Qc5 25.
h4 h5 26. Qe1 b6 27. Rd3 Nd4 28. Nxd4 exd4 29. Qd2 e5 30. c3 dxc3 31. Rxc3 Qb4 32.
Rc7+ Kg8 33. Qh6 Rf7 34. Qxg6+ 1-0

[Event "*** Titled Tuesday 3|2 Blitz"]
[Site "Chess.com"]
[Date "2015.02.24"]
[Round "2"]
[White "Danirod"]
[Black "Colombiano07"]
[Result "1-0"]
[WhiteElo "2370"]
[BlackElo "2019"]
[TimeControl "180+2"]
[EndTime "11:20:23 PST"]
[Termination "Danirod won by checkmate"]

1. e4 c5 2. Nf3 Nc6 3. c3 e6 4. d4 d5 5. exd5 Qxd5 6. Na3 Nf6 7. Be3 cxd4 8. Nb5 Qd8 9. Nbxd4 Be7 10. Nxc6 Qxd1+ 11. Rxd1 bxc6 12. Ne5 Bb7 13. Be2 O-O 14.
Bf3 Nd5 15. c4 Nxe3 16. fxe3 Bf6 17. Nd7 Rfd8 18. Nxf6+ gxf6 19. Ke2 Kf8 20. Rxd8+ Rxd8 21. Rd1 Rxd1 22. Kxd1 Ke7 23. b4 Kd6 24. Kd2 e5 25.
Be4 h6 26. g4 Bc8 27. Bf5 Ba6 28. c5+ Kd5 29. Kc3 Be2 30. e4# 1-0

[Event "*** Titled Tuesday 3|2 Blitz"]
[Site "Chess.com"]
[Date "2015.02.24"]
[Round "2"]
[White "190l"]
[Black "Hafez_Bakr"]
[Result "1-0"]
[WhiteElo "1973"]
[BlackElo "1834"]
[TimeControl "180+2"]
[EndTime "11:20:24 PST"]
[Termination "190l won by resignation"]

1. d4 Nf6 2. c4 e6 3. Nc3 Bb4 4.
Qc2 O-O 5. a3 Bxc3+ 6. Qxc3 b6 7. f3 d5 8. Bg5 Bb7 9. e3 Nbd7 10. Nh3 h6 11. Bh4 c6 12. Bd3 Rc8 13. O-O dxc4 14. Bxc4 c5 15. Rfd1 cxd4 16. Qxd4 Qc7 17. Ba2 Qc5 18.
Qxc5 Rxc5 19. Rac1 Rfc8 20. Rxc5 Rxc5 21. Rd2 Rc1+ 22.
Kf2 Ba6 23. Bxf6 Nxf6 24. Nf4 g5 25. Ne2 Rc7 26. Nd4 Kg7 27. Bxe6 Re7 28. Nf5+ Kf8 29.
Nxe7 Kxe7 30. Bf5 Bb5 31. Bd3 Bd7 32. Bc4 h5 33. e4 Bc6 34. Ke3 g4 35. Bd5 Bd7 36. e5 Nxd5+ 37. Rxd5 Be6 38. Rd4 gxf3 39. gxf3 f6 40. exf6+ Kxf6 41. Rd6 Ke5 42. Rxe6+ Kxe6 43. Kf4 Kf6 44. h4 a6 45. b3 b5 46. b4 Ke6 47.
Kg5 Kd5 48. f4 Kc4 49. f5 Kb3 50. f6 Kxa3 51. f7 Kxb4 52. f8=Q+ Kb3 53. Qa8 1-0

[Event "*** Titled Tuesday 3|2 Blitz"]
[Site "Chess.com"]
[Date "2015.02.24"]
[Round "2"]
[White "Inopov"]
[Black "wonderfultime"]
[Result "1-0"]
[WhiteElo "2473"]
[BlackElo "2564"]
[TimeControl "180+2"]
[EndTime "11:20:34 PST"]
[Termination "Inopov won by resignation"]

1. d4 d5 2. c4 c6 3. cxd5 cxd5 4.
Bf4 Nf6 5. Nc3 Nc6 6. e3 e6 7.
Bd3 Bd6 8. Bxd6 Qxd6 9. f4 a6 10. Nf3 b5 11. O-O Bb7 12. Ne5 O-O 13. Qf3 Ne7 14.
Rac1 Rac8 15. g4 b4 16. Na4 Ne4 17. Nc5 Nxc5 18. dxc5 Qc7 19. g5 Nf5 20. c6 Ba8 21.
Bxf5 exf5 22. Qxd5 Kh8 23. Rf3 Rcd8 24. Qc4 a5 25. g6 f6 26. Rh3 h6 27. Nf7+ Rxf7 28. Qxf7 1-0

[Event "*** Titled Tuesday 3|2 Blitz"]
[Site "Chess.com"]
[Date "2015.02.24"]
[Round "2"]
[White "gumersindo"]
[Black "manitodeplomo"]
[Result "0-1"]
[WhiteElo "2107"]
[BlackElo "2336"]
[TimeControl "180+2"]
[EndTime "11:20:51 PST"]
[Termination "manitodeplomo won by resignation"]

1. d4 c5 2. d5 Nf6 3. Nc3 d6 4.
e4 g6 5. Nf3 Bg7 6. h3 O-O 7. Be3 b5 8. Bxb5 Nxe4 9. O-O Bxc3 10. bxc3 Nxc3 11. Qd3 Nxb5 12. Qxb5 Ba6 13. Qb2 Bxf1 14. Rxf1 f6 15. h4 Nd7 16. Bh6 Rf7 17.
Re1 Rb8 18. Qc3 Ne5 19. Nd2 Qb6 20. Qh3 Qb4 21. Re4 Qa5 22. h5 g5 23. Qe3 Qxa2 24. f4 Ng4 25. Qg3 Nxh6 26. fxg5 Nf5 27. Qg4 fxg5 28.
Qxg5+ Kh8 29. Nf3 Qxd5 30. Rf4 Rg8 0-1

[Event "*** Titled Tuesday 3|2 Blitz"]
[Site "Chess.com"]
[Date "2015.02.24"]
[Round "2"]
[White "AlexanderL"]
[Black "pKiLz5Rn9b"]
[Result "1-0"]
[WhiteElo "2517"]
[BlackElo "2246"]
[TimeControl "180+2"]
[EndTime "11:21:17 PST"]
[Termination "AlexanderL won by checkmate"]

1. b3 Nf6 2. Bb2 d5 3. e3 g6 4. Nf3 Bg7 5. g3 O-O 6. Bg2 c5 7. O-O Nc6 8. d4 Ne4 9. Nbd2 Bf5 10. Nh4 Nxd2 11. Qxd2 Be6 12. Nf3 Qc7 13. c3 b6 14.
Ng5 Rad8 15. Nxe6 fxe6 16. f4 c4 17. h4 b5 18. b4 a5 19. a3 Ra8 20. Bh3 Qd6 21.
Kg2 Ra7 22. Bg4 Rfa8 23. h5 axb4 24. axb4 Rxa1 25. Rxa1 Rxa1 26. Bxa1 Kf7 27. hxg6+ hxg6 28. Qa2 Qd7 29. Qa6 Nd8 30. Bb2 Qc6 31. Qa5 Ke8 32.
Bd1 Kd7 33. Bc2 Kc8 34. Bc1 Bh6 35. Bxg6 e5 36. Bf5+ e6 37. Bg4 exf4 38. exf4 Bf8 39. f5 exf5 40. Bxf5+ Ne6 41. Bf4 Kd7 42. Qa7+ Ke8 43.
Bg6+ Kd8 44. Qb8+ Kd7 45. Qe8# 1-0

[Event "*** Titled Tuesday 3|2 Blitz"]
[Site "Chess.com"]
[Date "2015.02.24"]
[Round "2"]
[White "Room_for_Squares64"]
[Black "zmaj23"]
[Result "0-1"]
[WhiteElo "1949"]
[BlackElo "2313"]
[TimeControl "180+2"]
[EndTime "11:21:24 PST"]
[Termination "zmaj23 won by resignation"]

1. e4 c5 2. Nf3 d6 3. d4 cxd4 4.
Nxd4 Nf6 5. Nc3 a6 6. Bg5 e6 7. f4 h6 8. Bh4 Qb6 9. Qd2 Qxb2 10. Rb1 Qa3 11. e5 dxe5 12. fxe5 Nd5 13. Nxd5 exd5 14. e6 Bxe6 15. Rxb7 Bc5 16. Nxe6 fxe6 17. Kd1 O-O 18.
Bd3 e5 19. Qe1 e4 20. Qg3 Rf7 21. Rxb8+ Rxb8 22. Qxb8+ Rf8 23. Qb3 exd3 24. Qxd5+ Kh8 25. Qxd3 Qxa2 26. Kd2 Bb4+ 27. Ke2 Qe6+ 28. Kd1 Qg4+ 0-1

[Event "*** Titled Tuesday 3|2 Blitz"]
[Site "Chess.com"]
[Date "2015.02.24"]
[Round "2"]
[White "mokerslag"]
[Black "IMRosen"]
[Result "0-1"]
[WhiteElo "2369"]
[BlackElo "2045"]
[TimeControl "180+2"]
[EndTime "11:21:40 PST"]
[Termination "IMRosen won by resignation"]

1. e4 c5 2. Nf3 e6 3. d4 cxd4 4.
Nxd4 Nc6 5. Nc3 Qc7 6. g3 a6 7.
Bg2 h5 8. h4 Nf6 9. O-O Bc5 10.
Nb3 Ba7 11. Bg5 Qxg3 12. Qf3 Qxf3 13. Bxf3 Ne5 14. Bg2 b5 15. Rad1 Bb7 16. Na5 Bc8 17. Bf4 Nfg4 18. Kh1 Bb6 19. Nb3 f6 20. Bxe5 fxe5 21.
Rd2 Rf8 22. f3 Ne3 23. Re1 Rf4 24. Kh2 Rxh4+ 25. Kg3 Rf4 26. Rh1 g6 27. Ne2 h4+ 28. Kh3 Rf7 29. f4 exf4 30. Bf3 e5 31. Kxh4 Bd8+ 0-1

[Event "*** Titled Tuesday 3|2 Blitz"]
[Site "Chess.com"]
[Date "2015.02.24"]
[Round "2"]
[White "DanielNaroditsky"]
[Black "igorkovalenko"]
[Result "0-1"]
[WhiteElo "2564"]
[BlackElo "2483"]
[TimeControl "180+2"]
[EndTime "11:21:43 PST"]
[Termination "igorkovalenko won by resignation"]

1. Nf3 Nf6 2. c4 c6 3. e3 d5 4. Nc3 e6 5. b3 Nbd7 6. Bb2 b6 7. Qc2 Bb7 8. Be2 Rc8 9. d4 Bb4 10. O-O O-O 11. a3 Bxc3 12. Bxc3 c5 13. dxc5 Nxc5 14. Rad1 Qe7 15. Ng5 Nce4 16. Nxe4 Nxe4 17. Bb4 Nc5 18. cxd5 Bxd5 19. Qb2 Qg5 20. g3 Rfd8 21. Bxc5 bxc5 22. Qc3 Qg6 23. f3 Qf6 24. Rc1 Qxc3 25. Rxc3 Rb8 26. Rxc5 Rxb3 27. e4 Bb7 28. Rc7 Rb2 29. Rd1 Rxd1+ 30. Bxd1 Kf8 31. Ba4 g5 32. h3 h5 33. g4 h4 34. Rd7 a5 35. Rd8+ Ke7 36. Rd7+ Kf6 37. Rc7 Ba6 38. Be8 Ke5 39. Rxf7 Ra2 40. a4 Ra1+ 41. Kf2 Bf1 42. f4+ gxf4 43. g5 Bxh3 44. g6 Rf1+ 45. Ke2 Rg1 46. g7 Rg2+ 47. Kd3 Rg3+ 48. Ke2 Bg2 49. Ra7 h3 50. Rxa5+ Kd4 51. Kf2 h2 52. Rh5 h1=Q 0-1

[Event "*** Titled Tuesday 3|2 Blitz"]
[Site "Chess.com"]
[Date "2015.02.24"]
[Round "2"]
[White "bsmail"]
[Black "AUSSIE_PINOY"]
[Result "0-1"]
[WhiteElo "2102"]
[BlackElo "2357"]
[TimeControl "180+2"]
[EndTime "11:22:15 PST"]
[Termination "AUSSIE_PINOY won by resignation"]

1. d4 d5 2. c4 e5 3. dxe5 d4 4. Nf3 Nc6 5. Bg5 Qd7 6. Nbd2 h6 7. Bh4 Nge7 8. Bxe7 Bxe7 9. g3 O-O 10.
Bg2 Rd8 11. O-O Qf5 12. a3 a5 13. Qb1 Qh5 14. Qc2 a4 15. Rad1 Ra5 16. Rfe1 Bf5 17. Qc1 Bh3 18. Bxh3 Qxh3 19. Nf1 Qg4 20. Qf4 h5 21. Kg2 Rc5 22. N1d2 Qe6 23. h4 Bf8 24. Rc1 Be7 25. Ne4 Rxc4 26. Rxc4 Qxc4 27. Neg5 Bxg5 28. Qxg5 g6 29. Qh6 Qd5 30. Kh2 Nxe5 31. Ng5 Ng4+ 0-1

[Event "*** Titled Tuesday 3|2 Blitz"]
[Site "Chess.com"]
[Date "2015.02.24"]
[Round "2"]
[White "ilmago"]
[Black "CraiggoryC"]
[Result "0-1"]
[WhiteElo "1864"]
[BlackElo "1988"]
[TimeControl "180+2"]
[EndTime "11:22:19 PST"]
[Termination "CraiggoryC won by resignation"]

1. e4 e6 2. d4 d5 3. e5 c5 4. c3 Qb6 5. Nf3 Nc6 6. a3 Nh6 7.
b4 cxd4 8. cxd4 Nf5 9. Bb2 Bd7 10. Qd2 Be7 11. g4 Nh4 12. Nxh4 Bxh4 13. Be2 Nxe5 14. dxe5 Qxf2+ 15. Kd1 Rc8 16. Nc3 d4 17. Nb5 O-O 18.
Bxd4 Qg2 19. Rf1 a6 20. Nc3 h6 21. Kc2 Ba4+ 22. Kb2 Bg5 23. Qd3 Bb5 24. Nxb5 axb5 25. Rac1 Bxc1+ 26. Rxc1 Rxc1 27. Kxc1 Rc8+ 28. Kd2 Qxh2 29.
Qxb5 Qf4+ 30. Be3 Rd8+ 31. Bd3 Qf1 32. Bb6 Qg2+ 33. Kc3 Rc8+ 34. Kb3 Qf3 35. Bc5 Qd5+ 36. Bc4 Qf3+ 37. Bd3 b6 38. Bd6 Qd1+ 39. Kb2 Qd2+ 40. Kb3 Rc3+ 41. Ka4 Qd1+ 0-1

[Event "*** Titled Tuesday 3|2 Blitz"]
[Site "Chess.com"]
[Date "2015.02.24"]
[Round "2"]
[White "PauloCesarCosta"]
[Black "juniortay"]
[Result "1-0"]
[WhiteElo "2050"]
[BlackElo "2209"]
[TimeControl "180+2"]
[EndTime "11:22:20 PST"]
[Termination "PauloCesarCosta won by resignation"]

1. Nf3 Nf6 2. c4 g6 3. d4 Bg7 4. g3 d6 5. Bg2 c6 6. O-O O-O 7. Nc3 Qa5 8. h3 Be6 9. Qb3 Qa6 10. d5 cxd5 11. cxd5 Bd7 12. e4 Be8 13. Be3 Nbd7 14.
Rfc1 Nc5 15. Bxc5 dxc5 16. e5 Nd7 17. Re1 Rc8 18. Rad1 c4 19. Qb4 Nc5 20. Bf1 b5 21. d6 exd6 22. exd6 Qb7 23. Ne5 Bxe5 24. Rxe5 Ne6 25.
Bg2 Bc6 26. Bxc6 Qxc6 27. Nd5 Kg7 28. Qc3 Kh6 29. Qe3+ Kg7 30. Qf3 Qxd6 31. Qf6+ Kg8 32. Ne7+ Qxe7 33. Qxe7 Rfe8 34. Qb7 1-0

[Event "*** Titled Tuesday 3|2 Blitz"]
[Site "Chess.com"]
[Date "2015.02.24"]
[Round "2"]
[White "guillead1"]
[Black "tac49"]
[Result "0-1"]
[WhiteElo "2259"]
[BlackElo "2390"]
[TimeControl "180+2"]
[EndTime "11:22:28 PST"]
[Termination "tac49 won by checkmate"]

1. d4 Nf6 2. c4 d6 3. Nc3 Nbd7 4.
Nf3 e5 5. e4 g6 6. Be2 Bg7 7. O-O O-O 8. Be3 Qe7 9. Qc2 c6 10.
Rad1 exd4 11. Nxd4 Re8 12. Bg5 h6 13. Bxf6 Nxf6 14. Bf3 Nd7 15. Rfe1 a6 16. b3 Nc5 17. g3 Ne6 18. Nxe6 Bxe6 19. Ne2 Bd7 20. Bg2 b5 21. Qd2 bxc4 22. bxc4 Be6 23. Qxd6 Qxd6 24. Rxd6 Bxc4 25. Rxc6 Bxa2 26. f4 Rec8 27. e5 Rxc6 28. Bxc6 Rb8 29. Nc3 Bc4 30. Bd5 Bd3 31. Ra1 Bf8 32.
e6 fxe6 33. Bxe6+ Kg7 34. Nd5 Bc5+ 35. Kh1 Be4# 0-1

[Event "*** Titled Tuesday 3|2 Blitz"]
[Site "Chess.com"]
[Date "2015.02.24"]
[Round "2"]
[White "gmjlh"]
[Black "Gevorg_Harutjunyan"]
[Result "1/2-1/2"]
[WhiteElo "2479"]
[BlackElo "2513"]
[TimeControl "180+2"]
[EndTime "11:22:29 PST"]
[Termination "Game drawn by repetition"]

1. e4 c6 2. d4 d5 3. e5 Bf5 4.
Nf3 e6 5. Be2 Nd7 6. O-O Nh6 7.
a4 Bg6 8. a5 a6 9. Nbd2 Nf5 10.
Nb3 Qc7 11. c4 dxc4 12. Bxc4 Be7 13. g4 Nh6 14. h3 b5 15. axb6 Nxb6 16. Bxa6 Nd5 17.
Bd3 Rxa1 18. Nxa1 O-O 19. Nc2 c5 20. Bxg6 fxg6 21. dxc5 Bxc5 22. Nfd4 Qxe5 23. Re1 Qf6 24. Qd2 Qh4 25. Qe2 e5 26. Qxe5 Qxf2+ 27. Kh1 Nb4 28.
Bxh6 gxh6 29. Qxc5 Nxc2 30. Qc4+ Kh8 31. Nxc2 Qf3+ 32.
Kh2 Qf2+ 33. Kh1 Qf3+ 34. Kh2 Qf2+ 35. Kh1 Qf3+ 36. Kh2 1/2-1/2

[Event "*** Titled Tuesday 3|2 Blitz"]
[Site "Chess.com"]
[Date "2015.02.24"]
[Round "2"]
[White "ViennaRocket"]
[Black "MattyDPerrine"]
[Result "0-1"]
[WhiteElo "2198"]
[BlackElo "2048"]
[TimeControl "180+2"]
[EndTime "11:22:30 PST"]
[Termination "MattyDPerrine won by resignation"]

1. d4 Nf6 2. c4 c5 3. d5 b5 4. a4 bxc4 5. Nc3 d6 6. e4 Ba6 7. f4 g6 8. Nf3 Bg7 9. e5 dxe5 10. fxe5 Ng4 11. Bf4 O-O 12. h3 Nh6 13. g4 f5 14. g5 Nf7 15. Qd2 Qb6 16. Bg2 e6 17. dxe6 Qxe6 18. O-O Nc6 19. Rfe1 Rfd8 20.
Qf2 Bf8 21. Nb5 Bxb5 22. axb5 Nb4 23. Reb1 Nd3 24. Qe3 Rab8 25. Ra6 Rb6 26. Rxa7 Rxb5 27. Nd2 c3 28. bxc3 Rxb1+ 29. Nxb1 Nxf4 30. Qxf4 c4 31. Ra4 Qb6+ 32. Kh2 Qxb1 33. e6 Bd6 34. exf7+ Kf8 35. Qxd6+ Rxd6 0-1

[Event "*** Titled Tuesday 3|2 Blitz"]
[Site "Chess.com"]
[Date "2015.02.24"]
[Round "2"]
[White "HansCoolNiemann"]
[Black "DoctorMove"]
[Result "1/2-1/2"]
[WhiteElo "1837"]
[BlackElo "1752"]
[TimeControl "180+2"]
[EndTime "11:22:43 PST"]
[Termination "Game drawn by repetition"]

1. d4 d5 2. c4 e6 3. Nf3 Nf6 4. Nc3 Be7 5. cxd5 exd5 6. Bg5 O-O 7.
e3 c6 8. Bd3 Nh5 9. Bxe7 Qxe7 10. Qc2 Nf6 11. O-O Bg4 12. Ne5 Bh5 13. Rab1 a5 14. a3 Nbd7 15. f4 Nxe5 16. fxe5 Ng4 17.
Rbe1 Bg6 18. h3 Nh6 19. Bxg6 fxg6 20. e4 Rad8 21. exd5 cxd5 22. Rxf8+ Kxf8 23. Rf1+ Kg8 24. Qb3 Qd7 25. Na4 Nf5 26. Nc5 Qc6 27. Qd3 b6 28. g4 Nxd4 29. Qxd4 Qxc5 30. Rd1 Kf7 31. Kg2 Qxd4 32.
Rxd4 Ke6 33. Kf3 Kxe5 34. Ke3 Rf8 35. Rd1 d4+ 36. Rxd4 Rf3+ 37. Kxf3 Kxd4 38. Ke2 a4 39. Kd2 g5 40. Kc2 Kc4 41. Kd2 Kb3 42. Kc1 Kc4 43. Kc2 b5 44. Kd2 g6 45. Kc2 h5 46. Kd2 hxg4 47. hxg4 Kb3 48. Kc1 b4 49. axb4 Kxb4 50. Kd2 Kb3 51. Kc1 Kc4 52. Kc2 Kd4 53. Kd2 Kc4 54.
Kc2 Kb4 55. Kc1 Kb3 56. Kb1 Kc4 57. Ka2 Kb4 58. Ka1 Kb3 59. Kb1 Kb4 60. Kc2 Kc4 61.
Kd2 Kb3 62. Kc1 Kb4 63. Kd2 Kb3 64. Kc1 Kb4 1/2-1/2

[Event "*** Titled Tuesday 3|2 Blitz"]
[Site "Chess.com"]
[Date "2015.02.24"]
[Round "2"]
[White "1random"]
[Black "Konavets"]
[Result "0-1"]
[WhiteElo "2014"]
[BlackElo "2362"]
[TimeControl "180+2"]
[EndTime "11:22:48 PST"]
[Termination "Konavets won by checkmate"]

1. e4 Nf6 2. e5 Nd5 3. d4 d6 4. c4 Nb6 5. exd6 exd6 6. h3 Be7 7.
Nf3 O-O 8. Nc3 Nc6 9. Be3 Bf5 10. b3 Bf6 11. Rc1 Re8 12. Be2 a5 13. O-O a4 14. c5 dxc5 15. dxc5 Bxc3 16. Rxc3 Nd5 17. Rc1 Nxe3 18. fxe3 Rxe3 19. Bc4 axb3 20. Bxb3 Qf6 21. Qd2 Rae8 22. Nh4 Qxh4 23. Rxf5 Re1+ 24. Rxe1 Qxe1+ 25. Qxe1 Rxe1+ 26. Kf2 Re7 27. Bd5 Nd8 28. Kf3 g6 29. Rf4 Kg7 30. Re4 Rd7 31. Bb3 Nc6 32. Ba4 Nd4+ 33.
Kg3 Rd5 34. Bd1 Nf5+ 35. Kf4 Rxd1 36. g4 Nd4 37. Re7 Ne6+ 38. Ke5 Rc1 39. c6 Rxc6 40. Kd5 Rc5+ 41. Ke4 Kf6 42. Rd7 Re5+ 43. Kf3 h6 44. h4 b5 45. g5+ hxg5 46. hxg5+ Nxg5+ 47. Kg4 Ne6 48. a4 bxa4 49. Rd3 Ra5 50. Ra3 Nd4 51. Kf4 Nc2 52. Ra2 a3 53. Rxc2 a2 54. Rc6+ Kg7 55.
Rxc7 a1=Q 56. Rxf7+ Kxf7 57. Kg4 Qd4+ 58. Kf3 Ra3+ 59.
Ke2 Qb2+ 60. Kd1 Ra1# 0-1

[Event "*** Titled Tuesday 3|2 Blitz"]
[Site "Chess.com"]
[Date "2015.02.24"]
[Round "2"]
[White "ChessTrener"]
[Black "Argente"]
[Result "1-0"]
[WhiteElo "2498"]
[BlackElo "2201"]
[TimeControl "180+2"]
[EndTime "11:22:56 PST"]
[Termination "ChessTrener won on time"]

1. e4 g6 2. d4 Bg7 3. Nc3 c6 4.
h3 d5 5. Nf3 dxe4 6. Nxe4 Na6 7. Bc4 Nc7 8. Qe2 Be6 9. Bd3 Nf6 10. Nc5 Bc8 11. Bg5 O-O 12. O-O-O Ne6 13. Nxe6 Bxe6 14. Kb1 Qa5 15. c4 b5 16. Bd2 Qb6 17. c5 Qc7 18. Ne5 Rfd8 19. Be3 Nd5 20. Bd2 a5 21. a3 b4 22. a4 b3 23. Bc4 Qb7 24.
g4 Nc7 25. Bf4 Qb4 26. Nxc6 Qxa4 27. Bxe6 Qa2+ 28. Kc1 Nxe6 29. Nxd8 Rxd8 30. Be3 Nxd4 31.
Bxd4 Qa1+ 32. Kd2 Rxd4+ 33. Ke3 Qa4 34. Kf3 1-0